[Event "Early-Titled-Tuesday-Blitz-July-09-2024"]
[Site "Chess.com"]
[Date "2024.07.09"]
[Round "1"]
[White "GoltsevDmitry2000"]
[Black "Arimin1329"]
[Result "1-0"]
[WhiteElo "2727"]
[BlackElo "2405"]
[TimeControl "180+1"]
[EndTime "8:08:43 PDT"]
[Termination "GoltsevDmitry2000 won by checkmate"]

1. e4 c6 2. e5 d5 3. exd6 exd6 4. d4 d5 5. Nf3 Nf6 6. c4 Bb4+ 7. Nc3 O-O 8. Be2 dxc4 9. Bxc4 Nbd7 10. O-O Nb6 11. Bb3 Bg4 12. Bg5 h6 13. Bh4 Bxf3 14. Qxf3 Qxd4 15. Bg3 Rad8 16. Rfe1 Rfe8 17. Rad1 Qg4 18. Rxd8 Rxd8 19. Qxg4 Nxg4 20. Re4 Bxc3 21. bxc3 Nf6 22. Re7 Re8 23. Bxf7+ Kf8 24. Rxe8+ Nxe8 25. Bg6 Nd5 26. c4 Ne7 27. Bd3 Kf7 28. Kf1 Ke6 29. Ke2 Nd6 30.
c5 Ndf5 31. Bb8 Nd5 32. Kd2 a6 33. g3 Nd4 34. Be4 Nf6 35. Bg2 Kd7 36. Bh3+ Ne6 37.
Kd3 Ke7 38. Bd6+ Kf7 39. f4 Nd7 40. Kc4 Nf6 41. Kb4 Ne4 42. Bf5 Nxd6 43. cxd6 Nd4 44. Bc8 b6 45. Kc4 Nb5 46. d7 Ke7 47. Bxa6 Nd6+ 48. Kd4 Kxd7 49. Bd3 Ke6 50. g4 c5+ 51. Kc3 Kd5 52. a4 Nb7 53. h4 Nd6 54. Kd2 Kd4 55. Bc2 Nc4+ 56. Ke2 Nd6 57. g5 b5 58. a5 b4 59. a6 Nb5 60. f5 Na7 61. f6 gxf6 62.
gxh6 b3 63. h7 bxc2 64. Kd2 Nb5 65. h8=Q c4 66. Qd8+ Kc5 67. Qc8+ Kb4 68. Kxc2 Nd4+ 69. Kd1 Nb5 70. Qb7 Kb3 71. Qxb5+ Kc3 72. a7 f5 73. a8=Q f4 74. Qf3+ Kd4 75. Qbd5# 1-0

[Event "Early-Titled-Tuesday-Blitz-July-09-2024"]
[Site "Chess.com"]
[Date "2024.07.09"]
[Round "1"]
[White "zverr1"]
[Black "BillCoe"]
[Result "1-0"]
[WhiteElo "2552"]
[BlackElo "2050"]
[TimeControl "180+1"]
[EndTime "8:08:48 PDT"]
[Termination "zverr1 won by resignation"]

1. e4 c5 2. Nf3 e6 3. b3 d5 4. exd5 Qxd5 5. Bb2 Nf6 6. Nc3 Qd8 7. Ne5 Be7 8. Bb5+ Nbd7 9. O-O O-O 10. Nf3 a6 11. Be2 b5 12. d3 Bb7 13. Nd2 Nb6 14. Bf3 Qc7 15. Nde4 Rfd8 16. Qe2 Nbd5 17. Nxf6+ Nxf6 18. Ne4 Nxe4 19. Bxe4 Rd7 20. Rfe1 Rad8 21. Qf3 Bxe4 22.
Rxe4 Rd5 23. Rg4 Rg5 24. h4 Rxg4 25. Qxg4 g6 26. h5 Bf8 27. hxg6 hxg6 28. Re1 Bg7 29. Bxg7 Kxg7 30. Re3 Rh8 31. g3 Qd6 32. Rf3 Rh5 33. Qe4 Qd5 34. Qxd5 Rxd5 35. Rf4 Kf8 36. Kg2 Ke7 37. Rh4 Re5 38. Kf1 Rd5 39. Ke2 Kf6 40.
Rh8 Re5+ 41. Kf1 Rd5 42. Ra8 Rd6 43. Ra7 Rc6 44. Ke2 e5 45. Ke3 Ke6 46. g4 f5 47. g5 f4+ 48. Ke4 Rd6 49. c3 b4 50.
cxb4 cxb4 51. Kf3 Rxd3+ 52. Kg4 Rd6 53. Rg7 Kd5 54. Rc7 Ke4 55. Rc4+ Kd3 56. Rxb4 e4 57. Kxf4 Re6 58. Rb7 e3 59. Rd7+ Kc3 60. fxe3 Kb2 61. Rd2+ Ka3 62. e4 a5 63. e5 Kb4 64. Rd6 Re8 65.
Rxg6 Ka3 66. Rf6 Kxa2 67. Ra6 Kxb3 68. Rxa5 Rf8+ 69. Ke4 Kc4 70. Rd5 Rh8 71. Rd1 Rh4+ 72. Kf5 Rh2 73. g6 Rf2+ 74. Ke6 Rg2 75. Kf6 Rf2+ 76.
Kg7 Rf5 77. e6 Rf2 78. e7 Re2 79. Kf7 Rf2+ 80. Ke8 Rg2 81. Kd8 Rxg6 82. e8=Q Rd6+ 83. Rxd6 1-0

[Event "Early-Titled-Tuesday-Blitz-July-09-2024"]
[Site "Chess.com"]
[Date "2024.07.09"]
[Round "1"]
[White "Brown_Bear_MGL"]
[Black "jasrom"]
[Result "1/2-1/2"]
[WhiteElo "2617"]
[BlackElo "2315"]
[TimeControl "180+1"]
[EndTime "8:08:49 PDT"]
[Termination "Game drawn by repetition"]

1. b3 Nf6 2. Bb2 c5 3. e3 Nc6 4.
Nf3 a6 5. Be2 d5 6. d4 e6 7. O-O b5 8. c4 dxc4 9. bxc4 b4 10. a3 Be7 11. axb4 cxb4 12. d5 exd5 13. cxd5 Qxd5 14. Qxd5 Nxd5 15. Bxg7 Rg8 16. Bb2 Bh3 17. Ne1 a5 18. Kh1 Bd7 19. Bb5 Ne5 20. Bxd7+ Nxd7 21. e4 Nf4 22. g3 Ne6 23. Nd3 Ndc5 24. Nxc5 Nxc5 25. Nd2 a4 26. Bd4 Ne6 27. Be5 f6 28. Bf4 Nxf4 29. gxf4 Bd6 30. e5 Be7 31. Nc4 Kf7 32. Nb6 Ra6 33. Nd5 a3 34. Rfb1 Rb8 35. Rb3 fxe5 36. fxe5 Ke6 37. Nc7+ Kxe5 38. Nxa6 Rb6 39.
Re3+ Kd4 40. Rxe7 Rxa6 41. Rb7 Kc3 42. Rxh7 Kb2 43. Rg1 b3 44. Rb7 a2 45. Kg2 a1=Q 46. Rxa1 Rxa1 47. h4 Kc3 48. Kg3 Ra4 49. h5 Rb4 50. Re7 b2 51. Re1 Kd2 52. Rg1 Rb3+ 53. f3 Ke2 54. Kg4 Rxf3 55. Rb1 Rb3 56. Kg5 Kf3 57.
h6 Rb5+ 58. Kg6 Rb6+ 59. Kg7 Rb7+ 60. Kg6 Rb6+ 61. Kg7 Rb7+ 62. Kg8 Rb8+ 63. Kf7 Rb7+ 64. Kf6 Rb6+ 65. Kg5 Rb5+ 66. Kh4 Rb4+ 67. Kh5 Rb5+ 68. Kg6 Rb6+ 1/2-1/2

[Event "Early-Titled-Tuesday-Blitz-July-09-2024"]
[Site "Chess.com"]
[Date "2024.07.09"]
[Round "1"]
[White "Sawatdeekhrap"]
[Black "adreyd"]
[Result "1-0"]
[WhiteElo "2769"]
[BlackElo "2423"]
[TimeControl "180+1"]
[EndTime "8:08:55 PDT"]
[Termination "Sawatdeekhrap won by checkmate"]

1. e4 b6 2. d4 Bb7 3. Bd3 e6 4. Nf3 c5 5. c3 Nf6 6. Qe2 d5 7. e5 Nfd7 8. Bg5 Qc7 9. O-O Nc6 10. a3 h6 11. Bh4 g5 12. Bg3 Be7 13. b4 h5 14. h4 g4 15. Nfd2 c4 16. Bc2 Qd8 17.
f4 Bxh4 18. Bxh4 Qxh4 19. f5 O-O-O 20. a4 Kb8 21. a5 b5 22. a6 Bc8 23. Na3 Bxa6 24.
Naxc4 bxc4 25. Rxa6 Kb7 26. Rfa1 Ndb8 27. R6a3 a6 28.
Ba4 Na7 29. Rb1 Nb5 30. Bxb5 axb5 31. Rba1 Nc6 32. Qf2 Qxf2+ 33. Kxf2 h4 34. f6 Rdg8 35. Rh1 h3 36. Kg3 hxg2 37. Kxg2 Rxh1 38. Kxh1 Rh8+ 39.
Kg2 Rh3 40. Nb1 Rd3 41. Ra2 Rd1 42. Rb2 Rd3 43. Rf2 Na7 44. Rf4 Rd1 45. Rf1 Rd3 46.
Rf4 Rd1 47. Rf1 Rd3 48. Rh1 g3 49. Rh7 Rd1 50. Rxf7+ Kb6 51. Rxa7 Kxa7 52. f7 Rxb1 53. f8=Q Rb3 54. Qc5+ Ka6 55. Qc6+ Ka7 56. Qxe6 Rxc3 57. Qd7+ Kb6 58. Qd6+ Ka7 59. Qxd5 Rb3 60. Qc5+ Ka6 61.
e6 c3 62. e7 Rb2+ 63. Kxg3 c2 64. Qc6+ Ka7 65. Qc5+ Ka6 66. e8=Q c1=Q 67. Qxc1 Rb3+ 68. Qce3 Rxe3+ 69. Qxe3 Kb6 70. Qc3 Kb7 71. Qc5 Ka6 72. Qc6+ Ka7 73. Qxb5 Ka8 74. Kf4 Ka7 75. Ke5 Ka8 76.
Kd6 Ka7 77. Kc7 Ka8 78. Qb7# 1-0

[Event "Early-Titled-Tuesday-Blitz-July-09-2024"]
[Site "Chess.com"]
[Date "2024.07.09"]
[Round "1"]
[White "Smiechu"]
[Black "baki83"]
[Result "1/2-1/2"]
[WhiteElo "2456"]
[BlackElo "2808"]
[TimeControl "180+1"]
[EndTime "8:08:57 PDT"]
[Termination "Game drawn - insufficient material"]

1. e4 c5 2. Nf3 d6 3. d4 cxd4 4. Nxd4 Nf6 5. Nc3 Nc6 6. Be3 Ng4 7. Bb5 Nxe3 8. fxe3 Bd7 9. Bxc6 bxc6 10. O-O e6 11. e5 Be7 12. exd6 Bxd6 13. Ne4 Bxh2+ 14. Kxh2 Qh4+ 15.
Kg1 Qxe4 16. Qd2 O-O 17. Nb3 Qd5 18. Qc3 Rad8 19. Rad1 Qg5 20. Nc5 Bc8 21. Ne4 Qg4 22. Rxd8 Rxd8 23. Qxc6 h5 24. Nd6 Rf8 25. Nxc8 Qg5 26.
Nd6 Qxe3+ 27. Kh1 Qd4 28. Ne4 Qxb2 29. Qc3 Qxa2 30. Ng3 Qd5 31. Qf3 Qd2 32. Nxh5 Qh6 33. Qh3 Qg5 34. Rf3 Qh6 35. Nf6+ Kh8 36. Qxh6+ gxh6 37. Nd7 Rc8 38. Rxf7 Kg8 39. Re7 Rxc2 40. Nf6+ Kf8 41.
Rxa7 Rf2 42. Ng4 Rf1+ 43. Kh2 h5 44. Ne3 Re1 45. Nc4 Re4 46. Nd2 Re3 47. Nf3 Re4 48.
Kg3 Kg8 49. Kf2 Rf4 50. g3 Re4 51. Nd2 Rd4 52. Nf3 Re4 53. Nd2 Rd4 54. Ke3 Rg4 55.
Kf3 Rg5 56. Ne4 Rf5+ 57. Ke3 Kf8 58. Nf2 Re5+ 59. Ne4 Rf5 60. Ra6 Ke7 61. Nd2 Re5+ 62.
Kf3 Rf5+ 63. Kg2 Re5 64. Nf3 Rf5 65. Nh4 Rd5 66. Kh3 Kf7 67. Ng2 Rd1 68. Nf4 Rh1+ 69. Kg2 Re1 70. Nxh5 Re4 71. Nf4 e5 72. Kf3 Rb4 73. Nd3 e4+ 74. Ke3 exd3 75. Kxd3 Rg4 76. Ke3 Rxg3+ 77. Kf4 Rb3 78. Kg4 Rb5 79. Kf4 Rc5 80.
Kg4 Rc7 81. Kf4 Re7 82. Kg4 Re4+ 83. Kf3 Re6 84. Rxe6 Kxe6 1/2-1/2

[Event "Early-Titled-Tuesday-Blitz-July-09-2024"]
[Site "Chess.com"]
[Date "2024.07.09"]
[Round "1"]
[White "BogdanDeac"]
[Black "malakismayil"]
[Result "1-0"]
[WhiteElo "3017"]
[BlackElo "2527"]
[TimeControl "180+1"]
[EndTime "8:08:58 PDT"]
[Termination "BogdanDeac won on time"]

1. e4 e5 2. Nf3 Nc6 3. d3 Nf6 4. Nbd2 d5 5. c3 Bg4 6. h3 Bh5 7. Be2 Bg6 8. Nh4 Bc5 9. Nxg6 hxg6 10. b4 Bb6 11. Qb3 a5 12. b5 a4 13. Qc2 Na7 14.
Rb1 Nc8 15. Nf3 Qe7 16. exd5 Nxd5 17. c4 Ba5+ 18. Bd2 Bxd2+ 19. Qxd2 Nf4 20. O-O Qe6 21.
Qe3 f6 22. Nd4 Qd7 23. Nc2 Nd6 24. Bg4 Nf5 25. d4 O-O 26. Qe4 Rae8 27. g3 Ne6 28. dxe5 Nc5 29. Qf3 Rxe5 30. Nb4 c6 31. bxc6 bxc6 32.
Nxc6 Re6 33. Nb4 Re5 34. Nc2 Qe6 35. Nd4 Qe7 36. Nxf5 gxf5 37. Bxf5 Re8 38. Qh5 g5 39. Qg6+ Qg7 40. Rfd1 Qxg6 41. Bxg6 R8e7 42. Bh5 Kg7 43. Rb5 Ne4 44. Rxe5 fxe5 45. Rc1 Nc5 46. Rb1 Rd7 47. Rb5 Rc7 48. Ra5 Kf6 49. Bd1 e4 50.
Bxa4 Ke5 51. Ra8 Kd4 52. Bb3 Kc3 53. Rd8 Nxb3 54. axb3 Kxb3 55. Rd5 Rg7 56. c5 Kc4 57. Rf5 Kd4 58. c6 e3 59. fxe3+ Kxe3 60. g4 Ke4 61.
Kg2 Kd4 62. c7 Rxc7 63. Rxg5 Ke4 64. Rf5 Rc3 65. Rf2 Rc5 66. Kg3 Ke3 67. Rf3+ Ke4 68.
Rf1 Rc3+ 69. Kh4 Rc5 70. g5 Rd5 71. Kg4 Rb5 72. Re1+ Kd5 73. h4 Rb4+ 74. Kh5 Kd6 75. g6 Rb5+ 76. Kh6 Rf5 77. g7 1-0

[Event "Early-Titled-Tuesday-Blitz-July-09-2024"]
[Site "Chess.com"]
[Date "2024.07.09"]
[Round "1"]
[White "FGHSMN"]
[Black "english_player_89"]
[Result "1-0"]
[WhiteElo "2997"]
[BlackElo "2523"]
[TimeControl "180+1"]
[EndTime "8:08:58 PDT"]
[Termination "FGHSMN won by checkmate"]

1. e4 e5 2. Nf3 Nc6 3. Nc3 Nf6 4. Bb5 Nd4 5. O-O Nxb5 6. Nxb5 d6 7. d4 exd4 8. Nbxd4 Be7 9. Re1 O-O 10. Bg5 Bg4 11.
h3 Bh5 12. Nf5 Bg6 13. N3h4 Re8 14. Qf3 h6 15. Bd2 Nd7 16. Nxg6 fxg6 17. Nxe7+ Qxe7 18. Qb3+ Kh7 19. Qxb7 Nc5 20. Qc6 Rab8 21. b4 Ne6 22. Be3 Rxb4 23. a3 Nd8 24. Qxe8 Qxe8 25. axb4 Qxe4 26.
Bxh6 Qxb4 27. Be3 Nc6 28. Ra6 Qc4 29. Rea1 d5 30. R6a4 Nb4 31. Bd2 a5 32. c3 c5 33.
cxb4 axb4 34. Ra7 Qc2 35. Bf4 Qc3 36. Rc1 Qd4 37. Bd6 b3 38. Rb7 c4 39. Bb4 Qb2 40.
Re1 c3 41. Bxc3 Qxc3 42. Rb1 d4 43. R7xb3 Qc2 44. R3b2 Qc3 45. Rb3 Qc2 46. Rb4 d3 47. Rh4+ Kg8 48. Rb8+ Kf7 49. Rb7+ Kf6 50. Rd4 Ke5 51.
Rbd7 Qd1+ 52. Kh2 Qe2 53. f4+ Kf5 54. R7d5+ Kf6 55. Rxd3 Qe4 56. R5d4 Qe1 57. Rd6+ Kf5 58. R3d5+ Kxf4 59. Rxg6 Qe4 60. Rdg5 Ke3 61. Rg3+ Kf2 62. Rxg7 Qf4 63. Rg4 Qe5 64. h4 Qd6 65. Kh3 Qd1 66. Rf3+ Kg1 67. h5 Qe2 68. h6 Qe6 69. h7 Qh6+ 70. Rh4 Qe6+ 71. g4 Qe2 72. Rg3+ Kh1 73. g5 Qh2+ 74. Kg4 Qxh4+ 75. Kxh4 Kh2 76. h8=Q Kh1 77. Kg4# 1-0

[Event "Early-Titled-Tuesday-Blitz-July-09-2024"]
[Site "Chess.com"]
[Date "2024.07.09"]
[Round "1"]
[White "PositionalPanther"]
[Black "pouya21"]
[Result "0-1"]
[WhiteElo "2476"]
[BlackElo "2868"]
[TimeControl "180+1"]
[EndTime "8:09:00 PDT"]
[Termination "pouya21 won by resignation"]

1. Nf3 b6 2. e4 Bb7 3. Nc3 c5 4. d4 cxd4 5. Nxd4 e6 6. Be2 Bb4 7. O-O Nc6 8. Ndb5 Qb8 9. a3 Be7 10. Be3 Nf6 11. f3 O-O 12. Kh1 a6 13. Nd4 Qc7 14.
Nxc6 Bxc6 15. Qe1 d5 16. exd5 Nxd5 17. Nxd5 Bxd5 18. Bd3 b5 19. a4 b4 20. b3 a5 21. Rd1 Bf6 22. Qf2 g6 23. Bh6 Rfd8 24.
Qe3 Bb7 25. Bg5 Bxg5 26. Qxg5 Rd5 27. Qg3 Qd7 28. Be2 Rc8 29. Rxd5 Bxd5 30. Bb5 Qe7 31.
Bd3 Kg7 32. Qe5+ Qf6 33. Qxf6+ Kxf6 34. Re1 Rc3 35. Rd1 Ke5 36. Kg1 f5 37. Kf2 g5 38.
Ke2 h5 39. Ke3 Rc8 40. Re1 f4+ 41. Kd2+ Kf6 42. Be4 g4 43. Bxd5 exd5 44. Re2 gxf3 45. gxf3 Rc3 46. Rf2 Re3 47. h4 Rc3 48. Rf1 Ke5 49.
Re1+ Kd4 50. Rf1 Re3 51. Rf2 Rc3 52. Rf1 Ke5 53. Re1+ Kf5 54. Rf1 d4 55. Rg1 Rxf3 56. Rg5+ Ke4 57. Rxh5 Rf2+ 58. Kd1 d3 59. cxd3+ Kxd3 60. Ke1 Re2+ 61. Kf1 Rb2 62. Rxa5 Ke3 63. Re5+ Kf3 64.
Ke1 Rxb3 65. h5 Rb1+ 66. Kd2 b3 67. h6 Rh1 68. Kc3 Rxh6 69. Kxb3 Kg2 70. a5 f3 71. Kb4 f2 72. Rf5 Rh4+ 73. Kb5 Rh5 74. Rxh5 f1=Q+ 75. Kb6 Qf6+ 76. Kb5 Qb2+ 77. Kc5 Qc3+ 78. Kd6 Qf6+ 79. Kc5 Qe7+ 80. Kb5 Qe8+ 81. Kb6 Qxh5 82. a6 Qg6+ 83. Ka7 Qf7+ 84. Kb8 Qe8+ 85. Kb7 Qb5+ 86. Ka7 Kf3 87. Ka8 Qxa6+ 88. Kb8 Qh6 89. Kc7 Qe6 90. Kd8 0-1

[Event "Early-Titled-Tuesday-Blitz-July-09-2024"]
[Site "Chess.com"]
[Date "2024.07.09"]
[Round "1"]
[White "masterofpuppets2"]
[Black "honestgames"]
[Result "0-1"]
[WhiteElo "2467"]
[BlackElo "2856"]
[TimeControl "180+1"]
[EndTime "8:09:01 PDT"]
[Termination "honestgames won by checkmate"]

1. d4 Nf6 2. c4 e6 3. Nf3 d5 4. Nc3 h6 5. Bf4 Bd6 6. e3 Bxf4 7. exf4 O-O 8. Rg1 dxc4 9. Bxc4 Qd6 10.
Qd2 Nd5 11. Ne5 Nb6 12. Be2 Nc6 13. O-O-O Ne7 14. g4 f6 15. Nc4 Nxc4 16. Bxc4 Kh8 17.
Kb1 Ng6 18. Ne2 Nh4 19. Qc3 Qc6 20. Rg3 b5 21. Bd3 Qxc3 22. Nxc3 a6 23. Be4 Rb8 24. Bc6 Rb6 25. Bh1 Bd7 26. d5 e5 27. f5 g6 28.
fxg6 Nxg6 29. Ne4 Kg7 30. Nc5 Bc8 31. Rc3 Rf7 32. Rdc1 Nf4 33. Bf3 f5 34. Rg1 Kf8 35. Ka1 Rd6 36. gxf5 Bxf5 37. Nb7 Rb6 38. Nc5 Nh3 39.
Rgc1 Nxf2 40. Bh5 Re7 41. Nb3 Kg7 42. Rxc7 Rxc7 43. Rxc7+ Kf6 44. Nd2 Nd3 45. Be2 Nf4 46. Bf3 Ng6 47. Rc6+ Rxc6 48. dxc6 Ne7 49. c7 Bc8 50. Ne4+ Kg6 51. Nc5 Kf5 52. Be4+ Kf4 53. Kb1 Ke3 54. Kc2 Kd4 55. b4 a5 56. a3 axb4 57.
axb4 Kc4 58. Nd3 Kd4 59. Nc5 h5 60. Kb3 h4 61. Bg2 h3 62. Bh1 Nd5 63. Bf3 Ne3 64. Be4 Nc4 65. Bf3 Nd2+ 66. Kc2 Nxf3 67. Nb3+ Kc4 68.
Nc5 Kxb4 69. Kd3 Kxc5 70. Ke4 Nxh2 71. Kxe5 Ng4+ 72. Kf4 h2 73. Kg5 h1=Q 74. Kg6 Qb7 75. Kf7 Ne3 76. Ke8 Nc4 77. Kd8 b4 78. Ke7 b3 79.
Kd8 b2 80. Ke7 Qxc7+ 81. Kf8 Kd4 82. Ke8 Ke5 83. Kf8 Kf6 84. Ke8 Qd7+ 85. Kf8 Qd8# 0-1

[Event "Early-Titled-Tuesday-Blitz-July-09-2024"]
[Site "Chess.com"]
[Date "2024.07.09"]
[Round "1"]
[White "Gyulamiryan-koryun"]
[Black "Orest_Vovk"]
[Result "1/2-1/2"]
[WhiteElo "1848"]
[BlackElo "2532"]
[TimeControl "180+1"]
[EndTime "8:09:02 PDT"]
[Termination "Game drawn by stalemate"]

1. d4 h6 2. c4 g5 3. Nc3 Bg7 4.
h4 g4 5. e4 c5 6. d5 Bxc3+ 7.
bxc3 d6 8. h5 Qa5 9. Qd3 Nf6 10.
Ne2 Nbd7 11. Bf4 Qa4 12. Ng3 a6 13. Be2 b5 14. O-O Qxc4 15. Qxc4 bxc4 16. Bxc4 Nb6 17. Bb3 c4 18. Bc2 Bd7 19. Rab1 Na4 20. Ne2 Nc5 21. Ng3 Nd3 22. Bxd3 cxd3 23. c4 Rc8 24.
Rfc1 Ba4 25. e5 dxe5 26. Bd2 Bc2 27. Rb7 O-O 28. Bxh6 Rfe8 29. Bd2 Rxc4 30. Nf5 Nxd5 31. h6 Kh7 32. Rd7 Nf6 33. Rb7 Ne4 34. Be3 d2 35. Bxd2 Nxd2 36. Nxe7 Bd3 37. Rd1 Rc2 38. Nf5 Bxf5 39.
Rxf7+ Kg6 40. Rg7+ Kxh6 41. Rf7 Kg6 42. Rb7 Rec8 43. Rb6+ Kg5 44. Rxa6 Rc1 45. Rxc1 Rxc1+ 46. Kh2 Nf1+ 47. Kg1 Ne3+ 48. Kh2 g3+ 49. Kxg3 Nf1+ 50. Kf3 Bg4+ 51. Ke4 Re1+ 52. Kd5 Nd2 53. Ra8 Re2 54. Rg8+ Kf4 55. Rf8+ Kg5 56. Rg8+ Kh5 57. Rh8+ Kg6 58. Rg8+ Kf7 59. Rxg4 Rxf2 60. Kxe5 Nb1 61. Rf4+ Rxf4 62.
Kxf4 Ke6 63. g4 Kf6 64. g5+ Kg6 65. Kg4 Na3 66. Kh4 Nb5 67. a4 Na7 68. a5 Nb5 69. a6 Na7 70. Kg4 Nb5 71. Kf4 Na7 72. Kg4 Nb5 73.
Kf4 Na7 74. Ke5 Kxg5 75. Kd6 Kf6 76. Kc7 Ke7 77. Kb6 Kd7 78. Kxa7 Kc7 79. Ka8 Kc8 80. a7 Kc7 1/2-1/2

[Event "Early-Titled-Tuesday-Blitz-July-09-2024"]
[Site "Chess.com"]
[Date "2024.07.09"]
[Round "1"]
[White "GulenayAydin"]
[Black "champ2005"]
[Result "1/2-1/2"]
[WhiteElo "2539"]
[BlackElo "3047"]
[TimeControl "180+1"]
[EndTime "8:09:04 PDT"]
[Termination "Game drawn by agreement"]

1. e4 a6 2. d4 e6 3. Nf3 d5 4. Nc3 Nf6 5. Bd3 c5 6. exd5 exd5 7. dxc5 Bxc5 8. O-O O-O 9. Bg5 Bg4 10. h3 Bh5 11.
Bxf6 Qxf6 12. Nxd5 Qxb2 13. Rb1 Qxa2 14. Nf4 Bg6 15. Nxg6 hxg6 16. Rxb7 Nc6 17. Qd2 Qd5 18.
Qf4 Nd4 19. Rbb1 Nxf3+ 20. Qxf3 Qxf3 21. gxf3 a5 22. Bb5 a4 23. Bc4 a3 24. Rb7 Bd4 25. Ba2 Rac8 26. Rd1 Bxf2+ 27. Kxf2 Rxc2+ 28. Kg3 Rxa2 29.
Ra7 g5 30. h4 gxh4+ 31. Kxh4 Re8 32. Kg3 Re6 33. Rdd7 Rg6+ 34. Kf4 Rf6+ 35. Kg3 Ra1 36. Rd2 Rg6+ 37. Kf2 Rb6 38. Rd8+ Kh7 39. Rd3 Rb2+ 40. Ke3 a2 41. Rda3 Re1+ 42. Kf4 Ree2 43. R7a5 f6 44. Kg3 Kg6 45. Ra6 Rg2+ 46. Kf4 Rbe2 47. R6a5 Rd2 48.
Ra6 Rgf2 49. R6a5 Rb2 50. Kg3 Rfd2 51. R5a4 Kh6 52. Rh4+ Kg6 53. Rg4+ Kf5 54. Rga4 g5 55.
Ra5+ Kg6 56. Ra6 Rg2+ 57. Kh3 Kh5 58. f4 Rh2+ 59. Kg3 Rbg2+ 60. Kf3 g4+ 61. Ke4 g3 62.
Kf5 Rb2 63. R3a5 g2 64. Ra8 Kh4 65. Rh8+ Kg3 66. Ra3+ Kf2 67. Rxh2 Kf1 68. Rxg2 Kxg2 69. Kxf6 Kf2 70. f5 Ke2 71. Kg7 Kd2 72. f6 Kc1 73.
f7 Rg2+ 74. Kh7 Rf2 75. Rxa2 Rxf7+ 76. Kg6 Rf8 1/2-1/2

[Event "Early-Titled-Tuesday-Blitz-July-09-2024"]
[Site "Chess.com"]
[Date "2024.07.09"]
[Round "1"]
[White "Yan_Dyomin2010"]
[Black "MeisterJabo"]
[Result "1-0"]
[WhiteElo "2760"]
[BlackElo "2421"]
[TimeControl "180+1"]
[EndTime "8:09:04 PDT"]
[Termination "Yan_Dyomin2010 won by resignation"]

1. e4 e5 2. Nf3 Nc6 3. Bb5 a6 4. Ba4 Nf6 5. Nc3 b5 6. Bb3 Be7 7. Nd5 O-O 8. d3 Na5 9. Nxe7+ Qxe7 10. O-O Bb7 11. Re1 c5 12. Bd2 Nxb3 13. axb3 d6 14. h3 h6 15. Nh4 Bc8 16. Qf3 Be6 17. Nf5 Bxf5 18. Qxf5 Qe6 19. Qf3 Ne8 20. Ra2 Nc7 21. Rea1 f5 22. exf5 Rxf5 23. Qc6 Qe7 24. Ba5 Rc8 25.
Bxc7 Rxc7 26. Qxa6 b4 27. Qa8+ Rf8 28. Qd5+ Qf7 29.
Qxf7+ Kxf7 30. f3 Ke6 31. Ra7 Rff7 32. Rxc7 Rxc7 33. Kf2 g5 34. Ke3 h5 35. c4 Rg7 36.
Ra8 g4 37. hxg4 hxg4 38. Re8+ Kd7 39. Rf8 Ke7 40. Rf5 Ke6 41. Rh5 gxf3 42. Kxf3 Rf7+ 43.
Ke2 Rg7 44. Kf2 Rf7+ 45. Kg1 Rg7 46. Rh6+ Kd7 47. Rf6 Ke7 48. Rf3 Ke6 49. Kf2 Ra7 50. Kg3 Ra1 51. Re3 Rb1 52. Re2 Rd1 53. Kh4 Rxd3 54.
g4 Rxb3 55. g5 Rf3 56. Kg4 Rf4+ 57. Kh5 Kf7 58. b3 Kg7 59. Re3 Rf1 60. Rd3 Rh1+ 61. Kg4 Rg1+ 62. Kf5 Rf1+ 63. Ke6 e4 64. Re3 Rf3 65.
Rxe4 Rxb3 66. Kxd6 Rc3 67. Kxc5 b3 68. Re6 b2 69. Rb6 Rc2 70. Kd5 Rd2+ 71. Kc6 Rc2 72. c5 Kg6 73. Kd6 Kxg5 74. c6 Kf6 75. c7 Rd2+ 76. Kc6 Rc2+ 77. Kb7+ Ke7 78. c8=Q Rxc8 79. Kxc8 Kf7 80. Rxb2 Ke7 81. Re2+ Kf7 82. Kc7 Kg7 83. Kd6 Kh7 1-0

[Event "Early-Titled-Tuesday-Blitz-July-09-2024"]
[Site "Chess.com"]
[Date "2024.07.09"]
[Round "1"]
[White "Alenzer"]
[Black "2Coaches1Profile"]
[Result "1/2-1/2"]
[WhiteElo "2163"]
[BlackElo "2563"]
[TimeControl "180+1"]
[EndTime "8:09:04 PDT"]
[Termination "Game drawn by repetition"]

1. e4 Nf6 2. e5 Nd5 3. d4 d6 4.
Bc4 Nb6 5. Bb3 a5 6. exd6 cxd6 7. a4 g6 8. c3 Bg7 9. Nf3 O-O 10. O-O Nc6 11.
Bg5 h6 12. Bh4 Bg4 13. Nbd2 Qd7 14. Re1 Kh7 15. h3 Bf5 16. Bc2 e5 17. dxe5 Bxc2 18. Qxc2 dxe5 19. Rad1 Qf5 20. Qb3 Ra6 21. Ne4 g5 22.
Bg3 Nc8 23. Qxb7 Rb6 24. Qd7 Qxd7 25. Rxd7 f5 26. Nc5 e4 27. Ne6 Rg8 28. Nfd4 Nxd4 29. Nxd4 f4 30. Bh2 Rxb2 31. Nf5 Nb6 32. Re7 Nxa4 33. c4 Kg6 34. Nxg7 Rxg7 35. R7xe4 Nc5 36. Re5 Nd3 37. Re6+ Kh7 38. Rd1 Nxf2 39. Rdd6 Rf7 40. Rxh6+ Kg7 41. Rhg6+ Kf8 42. Rxg5 Ne4 43. Rd8+ Ke7 44.
Re5+ Kxd8 45. Rxe4 a4 46. Bxf4 a3 47. Bg5+ Kc8 48.
c5 a2 49. Ra4 Rb1+ 50. Kh2 a1=Q 51. Rxa1 Rxa1 52. h4 Rc1 53. Bxc1 Rf5 54. Bg5 Re5 55. g4 Rxc5 56. Kg3 Kd7 57. Kf4 Ke6 58. h5 Rc4+ 59.
Kg3 Re4 60. Bf4 Ra4 61. Kf3 Ra3+ 62. Ke4 Ra4+ 63. Kf3 Kf6 64. Kg3 Kg7 65. g5 Kf7 66. Kg4 Ke6 67. h6 Kf7 68. Kf5 Ra6 69. Be5 Kg8 70.
g6 Ra7 71. Kf6 Ra6+ 72. Kf5 Ra7 73. Bf6 Ra5+ 74. Be5 Ra7 1/2-1/2

[Event "Early-Titled-Tuesday-Blitz-July-09-2024"]
[Site "Chess.com"]
[Date "2024.07.09"]
[Round "1"]
[White "Zarinur"]
[Black "Aragon"]
[Result "1-0"]
[WhiteElo "2572"]
[BlackElo "2165"]
[TimeControl "180+1"]
[EndTime "8:09:10 PDT"]
[Termination "Zarinur won on time"]

1. e4 c5 2. Nf3 Nc6 3. Bb5 g6 4.
O-O Bg7 5. Nc3 e5 6. a3 Nge7 7. b4 b6 8. bxc5 bxc5 9. d3 O-O 10. Bg5 Qc7 11. Bc4 h6 12. Bxe7 Nxe7 13. Nd5 Nxd5 14. Bxd5 Bb7 15. Bxb7 Qxb7 16. c4 Rab8 17. Nd2 f5 18. f3 Qc6 19. Nb1 Qd6 20. Kh1 Rb2 21. Nc3 Rfb8 22. Nd5 Bf6 23. Qa4 Kf7 24. Qxa7 R8b7 25.
Qa5 Bg5 26. a4 Bd2 27. Qd8 Qf8 28. Qf6+ Ke8 29. Qxg6+ Qf7 30. Qxf7+ Kxf7 31. exf5 Ba5 32. Ne3 Kf6 33. Ng4+ Kxf5 34. Nxh6+ Kf4 35. Ng4 Rd2 36. g3+ Kf5 37. Rad1 Ra2 38. Ne3+ Ke6 39. f4 Rbb2 40. f5+ Kf6 41. Ng4+ Kg5 42. h3 Rb8 43. f6 Rh8 44. h4+ Kxg4 45. f7 Kxg3 46. f8=Q Rxh4+ 47. Kg1 Rg4 48. Qf3+ Kh4+ 49. Qxg4+ Kxg4 50. Rf7 Bc3 51. Rxd7 Rxa4 52. Rg7+ Kf4 53. Kh2 Ra2+ 54. Kh3 Bd4 55. Rf1+ Ke3 56. Rg3+ Kd2 57. Rg2+ Kxd3 58. Rxa2 Kxc4 59.
Kg4 Kd3 60. Kf5 c4 61. Rd1+ Kc3 62. Rc1+ Kb3 63. Rac2 c3 64. Ke4 Kc4 65. Kf3 Kd3 66. Ra2 e4+ 67. Kg2 e3 68. Rd1+ Kc4 69. Kf3 Kb3 70. Re2 c2 71. Rxc2 Kxc2 72. Rxd4 1-0

[Event "Early-Titled-Tuesday-Blitz-July-09-2024"]
[Site "Chess.com"]
[Date "2024.07.09"]
[Round "1"]
[White "quvnoq_muxlis"]
[Black "Defenstrator"]
[Result "1-0"]
[WhiteElo "2710"]
[BlackElo "2398"]
[TimeControl "180+1"]
[EndTime "8:09:15 PDT"]
[Termination "quvnoq_muxlis won on time"]

1. e4 c5 2. Nf3 Nc6 3. Bb5 e5 4. O-O Bd6 5. c3 Nge7 6. Re1 O-O 7. Na3 Bc7 8. d4 cxd4 9. cxd4 d5 10. dxe5 dxe4 11. Qxd8 Rxd8 12. Rxe4 Rd1+ 13. Bf1 Bf5 14. Re2 Ng6 15. Nb5 Ba5 16. Nc3 Bxc3 17. bxc3 Ngxe5 18.
Nxe5 Re8 19. g4 Bd3 20. Nxd3 Rxe2 21. Kg2 Re4 22. Kf3 Ra4 23. Be2 Rg1 24. h3 f5 25.
gxf5 Ne7 26. Nb2 Rh4 27. Bc4+ Kf8 28. Be6 Rxh3+ 29. Ke2 Rhh1 30. Nd3 Nc6 31. Ba3+ Ke8 32. Rxg1 Rxg1 33. Nc5 Nd8 34. Bd5 b6 35. Ne4 h5 36.
f6 h4 37. Nd6+ Kd7 38. f7 Nxf7 39. Nxf7 h3 40. Ne5+ Kc7 41. Nf3 Ra1 42. Bf8 g5 43. Be6 g4 44. Bxg4 Rxa2+ 45. Ke3 Rc2 46. Bg7 a5 47. Bxh3 a4 48. Bf5 Rb2 49. Bf8 Rb3 50. Kd3 a3 51. Kc2 a2 52. Kxb3 a1=Q 53. Nd4 Qf1 54. f3 b5 55. Bc5 Kb7 56. Bb4 Kb6 57.
Be4 Qc4+ 58. Kc2 Qa2+ 59. Kd3 Qb1+ 60. Ke3 Qe1+ 61. Kf4 Qc1+ 62. Kf5 Qe3 63. f4 Qh3+ 64.
Ke5 Qh5+ 65. f5 Qe8+ 66. Ne6 Qb8+ 67. Bd6 Qh8+ 68. f6 b4 69. cxb4 Qh2+ 70. Kd5 Qa2+ 71. Ke5 Qh2+ 72. Nf4 Qb2+ 73. Kf5 Qh2 74. Bc5+ Kc7 75.
f7 Qh7+ 76. Kf6 Qxe4 77. Ne6+ Kd7 78. f8=N+ Kc6 79. Ke7 1-0